 Dungeon Crawl Stone Soup version 0.30-b1-2-g02819fbbbe (webtiles) character file.

Game seed: 12341660514294470580

15 Alarkh the Sneak (level 2, 0/24 HPs)
             Began as a Demonspawn Delver on May 22, 2023.
             Slain by an iguana (12 damage)
             ... on level 5 of the Dungeon.
             The game lasted 00:01:09 (467 turns).

Alarkh the Sneak (Demonspawn Delver)                 Turns: 467, Time: 00:01:09

Health: 0/24       AC:  5    Str: 16    XL:     2   Next: 34%
Magic:  11/11      EV: 11    Int: 11    God:
Gold:   75         SH:  0    Dex: 14    Spells: 1/1 levels left

rFire   . . .        e - +3 hand axe of Doom {venom, rC+ Str+4}
rCold   + . .        (no shield)
rNeg    . . .        g - +0 ring mail
rPois   .            (helmet restricted)
rElec   .            (no cloak)
rCorr   .            (no gloves)
SInv    .            (no boots)
Will    .....        (no amulet)
Stlth   ++           j - ring of magical power
HPRegen 0.24/turn    (no ring)
MPRegen 0.12/turn

%: no passive effects
@: no status effects
A: horns 1
a: no special abilities


You were on level 5 of the Dungeon.
You visited 1 branch of the dungeon, and saw 2 of its levels.

You collected 75 gold pieces.

Inventory:

Hand Weapons
 e - the +3 hand axe of Doom (weapon) {venom, rC+ Str+4}
   (You found it on level 5 of the Dungeon)

   Str:       It affects your strength (+4).
   rC:        It protects you from cold.
Missiles
 h - 2 poisoned darts (quivered)
Armour
 a - a +0 leather armour
 g - a +0 ring mail (worn)
Magical Staves
 i - a staff of fire
Jewellery
 j - a ring of magical power (left hand)
Wands
 f - a wand of digging (3)
Scrolls
 b - a scroll of fog
 c - a scroll of magic mapping
 d - a scroll of fear


   Skills:
 - Level 3.0 Fighting
 - Level 1.7 Dodging
 - Level 4.5 Stealth
 + Level 2.7 Unarmed Combat


You had one spell level left.
You didn't know any spells.
Your spell library was empty.

Dungeon Overview and Level Annotations

Branches:
Dungeon (6/15)
 Temple: D:4-7

Altars:


Innate Abilities, Weirdness & Mutations

You have a pair of small horns on your head.


Message History

No target in view!
No target in view!
No target in view!
No target in view!
No target in view!
No target in view!
No target in view!
No target in view!
No target in view!
You now have 75 gold pieces (gained 14).
A shadow imp comes into view.
The shadow imp shouts, "Slither hence, thou mammering ill-breeding fustilarian!"
The shadow imp barely misses you.
You hit the shadow imp.
The shadow imp is lightly wounded.
The shadow imp hits you. x2
You slash the shadow imp!
The shadow imp is severely wounded.
The shadow imp closely misses you.
You closely miss the shadow imp.
The shadow imp is severely wounded.
The shadow imp barely misses you.
You closely miss the shadow imp.
The shadow imp is severely wounded.
The iguana hisses angrily.
The shadow imp closely misses you.
You barely miss the shadow imp. Your headbutt misses the shadow imp.
The shadow imp is severely wounded.
The shadow imp closely misses you. The shadow imp gestures at you.
Pain shoots through your body!
You are too injured to fight recklessly!
You are too injured to fight recklessly!
You are too injured to fight recklessly!
You are too injured to fight recklessly!
You are too injured to fight recklessly!
You closely miss the iguana. You closely miss the shadow imp.
The iguana bites you!
Ouch! That really hurt!
You die...

.. ####### #. #..[..# #.
###.....######## #######.
............ ... .......>
###.....#### .. #.####.l
#.....# #.### ##..o
#....## #l5.### #....
####.#.# #.@...# #....
.....#.# #.....# #....
###..#.# #.....# #....
#..#.# #.....# #....
###..# ###..## #....
.....# #########.#######
#.... .#...#
................. ####.
.#...## #########.#######
#.
.#....###########.........
#.


You could see an iguana and a shadow imp.

Vanquished Creatures
  A white imp (D:5)
  A worm (D:5)
  A dart slug (D:5)
  An orc (D:5)
4 creatures vanquished.

Notes
Turn   | Place    | Note
-------+----------+-------------------------------------------
     0 | D:5      | Alarkh the Demonspawn Delver began the quest for the Orb.
     0 | D:5      | Reached XP level 1. HP: 18/18 MP: 1/1
    39 | D:5      | Noticed an iguana
    43 | D:5      | Noticed an iguana
    48 | D:5      | Noticed a scorpion
   223 | D:5      | Identified the +3 hand axe of Doom {venom, rC+ Str+4}
   333 | D:5      | Gained mutation: You have a pair of small horns on your
                  | head. [demonic ancestry]
   333 | D:5      | Reached XP level 2. HP: 12/24 MP: 2/2
   467 | D:5      | Slain by an iguana

Illustrated notes

Levels and vault maps discovered:
D:5:      layout_basic, grunt_decor_resistance,
          minmay_fractal_squares_diagonal_5
D:6:      layout_loops_cross, serial_shops, nicolae_shop_crystal,
          nicolae_stop_n_shop_2, nicolae_shop_tiny_statue_garden

Skill      XL: |  1 |
---------------+----+-----
Unarmed Combat | 2 |  2.7
Fighting       | |  3.0
Dodging        | |  1.7
Stealth        | |  4.5

Action                     || total
---------------------------++-------
  Melee: Unarmed           ||    14
         Hand axe          ||    14
    Use: Potion            ||     1
 Armour: Ring mail         ||     4
  Dodge: Dodged            ||    11
